 Dungeon Crawl Stone Soup version 0.23-a0-449-g8e4cbf7 (webtiles) character file.

23362 Dfrag the Arsonist (level 13, -17/94 HPs)
             Began as a Naga Fire Elementalist on Nov 21, 2018.
             Was a High Priest of Vehumet.
             Shot with an arrow by a centaur warrior (25 damage)
             ... on level 13 of the Dungeon.
             The game lasted 00:27:40 (12643 turns).

Dfrag the Arsonist (Naga Fire Elementalist)        Turns: 12643, Time: 00:27:41

Health: -17/94     AC: 10    Str: 11    XL:     13   Next: 6%
Magic:  18/28      EV:  8    Int: 19    God:    Vehumet [*****.]
Gold:   674        SH:  0    Dex:  8    Spells: 12/35 levels left

rFire    + . .     SeeInvis +   Q - +5 falchion
rCold    x . .     Gourm    .   (no shield)
rNeg     . . .     Faith    .   N - +3 ring mail of Ashenzari's Approval {rPois Regen+ rCorr Dex-5}
rPois    +         Spirit   .   (no helmet)
rElec    .         Reflect  .   H - +0 cloak
rCorr    +         Harm     .   (no gloves)
MR       +....                  (no barding)
Stlth    +.........             n - amulet of magic regeneration
HPRegen  0.65/turn              (no ring)
MPRegen  0.46/turn              F - ring of fire

@: studying Throwing, very slow
A: large, see invisible, deformed body, poison resistance, slowness 2, slow
metabolism 1, spit poison 1, constrict 1, AC +4
a: Spit Poison, Renounce Religion


You were on level 13 of the Dungeon.
You worshipped Vehumet.
Vehumet was extremely pleased with you.
You were very hungry.

You visited 1 branch of the dungeon, and saw 13 of its levels.
You also visited: Sewer and Ossuary.

You collected 1034 gold pieces.
You spent 360 gold pieces at shops.

Inventory:

Hand Weapons
 Q - a +5 falchion (weapon)
Armour
 H - a +0 cloak (worn)
 N - the +3 ring mail of Ashenzari's Approval (worn) {rPois Regen+ rCorr Dex-5}
   (You bought it in a shop on level 9 of the Dungeon)

   It affects your dexterity (-5).
   It protects you from poison.
   It increases your rate of regeneration.
   It provides partial protection from all sources of acid and corrosion.
Jewellery
 n - an amulet of magic regeneration (around neck)
 p - an uncursed amulet of harm {unknown}
 F - a ring of fire (right hand)
 G - a cursed amulet of inaccuracy {unknown}
 M - an uncursed amulet of faith {unknown}
 P - an uncursed amulet of guardian spirit {unknown}
Wands
 a - a wand of enslavement (5)
 y - a wand of random effects (14)
 B - a wand of paralysis (11)
 E - a wand of digging (13)
 K - a wand of disintegration (5)
 L - a wand of iceblast (6)
Scrolls
 i - 8 scrolls of teleportation
 m - 5 scrolls of immolation
 q - a scroll of random uselessness {unknown}
 s - 3 scrolls of fog
 u - 4 scrolls of enchant armour
 w - 2 scrolls of enchant weapon {unknown}
 z - a scroll of amnesia {unknown}
 A - 2 scrolls of blinking {unknown}
 D - 5 scrolls of remove curse
 O - 2 scrolls of fear {unknown}
Potions
 b - 3 potions of might
 d - 3 potions of degeneration
 e - 4 potions of flight
 f - 4 potions of lignification {unknown}
 g - 6 potions of brilliance
 h - a potion of berserk rage {unknown}
 j - 9 potions of curing
 l - 2 potions of mutation {unknown}
 o - a potion of heal wounds
 r - 3 potions of magic {unknown}
 t - 3 potions of haste {unknown}
 v - 2 potions of cancellation {unknown}
 x - a potion of ambrosia {unknown}
 C - 2 potions of agility
Books
 k - a manual of Throwing
Comestibles
 c - 23 rations
 I - a chunk of flesh


   Skills:
 - Level 1.5 Dodging
 - Level 3.0 Stealth
 + Level 11.5 Spellcasting
 + Level 12.3 Conjurations
 + Level 12.6 Fire Magic


You had 12 spell levels left.
You knew the following spells:

 Your Spells              Type           Power        Failure   Level  Hunger
a - Flame Tongue          Conj/Fire      #####        1%          1    None
b - Conjure Flame         Conj/Fire      ######..     1%          3    None
c - Sticky Flame          Conj/Fire      ######..     1%          4    ##.....
d - Fireball              Conj/Fire      ######....   1%          5    ####...
e - Iskenderun's Mystic   Conj           ######..     1%          4    ##.....
f - Freezing Cloud        Conj/Ice/Air   ####......   69%         6    ######.

Your spell library contained the following spells:

 Spells                   Type           Power        Failure   Level  Hunger
 Throw Flame              Conj/Fire      ######       1%          2    None
 Inner Flame              Hex/Fire       ######..     1%          3    None
 Animate Skeleton         Necr           N/A          16%         1    None
 Apportation              Tloc           ##....       16%         1    None
 Confusing Touch          Hex            ##....       16%         1    None
 Corona                   Hex            ##.....      16%         1    None
 Summon Small Mammal      Summ           ##..         16%         1    None
 Slow                     Hex            ##......     24%         2    None
 Portal Projectile        Hex/Tloc       ##....       43%         3    None
 Cause Fear               Hex            ##........   83%         4    ##.....
 Leda's Liquefaction      Hex/Erth       ##........   83%         4    ##.....


Dungeon Overview and Level Annotations

Branches:
Dungeon (13/15)            Temple (0/1) D:5            Lair (0/6) D:8
    Orc (0/2) D:10         Vaults (0/5) D:13

Altars:
Nemelex Xobeh
Okawaru
Qazlal
Ru
Uskayaw
Vehumet
Wu Jian
Xom
Yredelemnul

Shops:
D:9 *   D:10 :   D:11 [

Annotations:
D:5 2 transporters, Psyclone's ghost, novice OpCj


Innate Abilities, Weirdness & Mutations

You cannot wear boots.
Your serpentine skin is tough. (AC +4)
You have supernaturally acute eyesight. (SInv)
Armour fits poorly on your strangely shaped body.
Your system is resistant to poisons. (rPois)
You cover ground very slowly.
You have a slow metabolism.
You can spit poison.
You can use your snake-like lower body to constrict enemies.


Message History

You feel a surge of power!
The fireball explodes!
The fireball engulfs the centaur warrior.
The centaur warrior is heavily wounded.
The centaur warrior shoots an arrow.
The arrow closely misses you.
Unknown command.
You feel much better.
The centaur warrior shoots an arrow.
The arrow hits you!
* * * LOW HITPOINT WARNING * * *
The arrow freezes you!
* * * LOW HITPOINT WARNING * * *
Casting: Fireball (safe; 1% risk of failure)
Confirm with . or Enter, or press ? or * to list all spells.
Aiming: Fireball (safe; 1% risk of failure)
Press: ? - help, Shift-Dir - straight line, f/p - centaur warrior
Aim: a centaur warrior, wielding a +0 longbow of freezing (heavily wounded)
You feel a surge of power!
The fireball explodes!
The fireball engulfs the centaur warrior.
The centaur warrior is almost dead.
You are feeling very hungry.
The centaur warrior shoots an arrow.
The arrow hits you!!
You die...

....?.............#
#
################..#
.# #......# .#
#.....>####.####
#....c.........#
#####...)..####
#.)....# #......#
#@.##### ###..#
#....# #....#######
#...........
#...######## #...#
#..........
###########


You could see a centaur warrior.

Vanquished Creatures
  Harold (D:7)
  3 hydras (D:11)
  6 vault guards
  2 centaur warriors
  3 two-headed ogres
  A manticore (D:11)
  4 gargoyles (D:8)
  A kobold demonologist (D:11)
  3 trolls
  Prince Ribbit (D:7)
  10 slime creatures
  3 hippogriffs
  Sigmund (D:4)
  2 wraiths
  Eustachio (D:5)
  4 hogs (D:7)
  A human (D:7)
  Menkaure (D:5)
  3 wargs (D:8)
  3 orc warriors
  4 black bears
  3 sky beasts
  2 ice beasts
  4 phantoms
  A necrophage (D:9)
  7 ogres
  5 centaurs
  3 crocodiles
  2 big kobolds
  5 bullfrogs
  A gnoll sergeant (D:8)
  A water moccasin zombie (D:8)
  2 scorpions
  7 wights
  2 howler monkeys
  An electric eel (D:7)
  3 bullfrog zombies
  2 crimson imps
  6 hounds
  5 jellies
  A gnoll shaman (D:6)
  9 orc priests
  Crazy Yiuf (D:7)
  4 centaur skeletons
  4 iguanas
  Ijyb (D:4)
  7 orc wizards
  7 worker ants
  8 mummies (Ossuary)
  A worker ant zombie (D:11)
  17 gnolls
  13 adders
  2 howler monkey skeletons
  9 river rats (Sewer)
  3 shadow imps
  An ooze (D:3)
  4 adder skeletons
  3 adder zombies
  6 worms (D:2)
  3 dart slugs
  5 leopard geckos
  31 orcs
  4 ball pythons (Sewer)
  5 bats
  7 giant cockroaches
  5 gnoll zombies (Ossuary)
  8 hobgoblins
  16 jackals
  5 quokkas
  10 frilled lizards
  9 goblins
  A hobgoblin zombie (Ossuary)
  15 kobolds
  A kobold zombie (Ossuary)
  An orc zombie (Ossuary)
  10 rats
  A plant (D:7)
358 creatures vanquished.

Notes
Turn   | Place    | Note
-------+----------+-------------------------------------------
     0 | D:1      | Dfrag the Naga Fire Elementalist began the quest for the
                  | Orb.
     0 | D:1      | Reached XP level 1. HP: 15/15 MP: 3/3
   175 | D:1      | Reached XP level 2. HP: 20/22 MP: 0/5
   737 | D:2      | Reached XP level 3. HP: 28/28 MP: 1/6
   924 | D:2      | Reached XP level 4. HP: 18/36 MP: 1/8
  1075 | D:2      | Found a sparkling altar of Nemelex Xobeh.
  1075 | D:2      | Found a radiant altar of Vehumet.
  1076 | D:2      | Found a sacrificial altar of Ru.
  1084 | D:2      | Found an iron altar of Okawaru.
  1088 | D:2      | Became a worshipper of Vehumet
  1157 | D:2      | Learned a level 3 spell: Conjure Flame
  1162 | D:2      | Learned a level 4 spell: Sticky Flame
  1813 | D:3      | Found a glowing drain.
  1830 | Sewer    | Entered a sewer
  1835 | Sewer    | Reached XP level 5. HP: 34/42 MP: 4/9
  1971 | Sewer    | Reached * piety under Vehumet
  1971 | Sewer    | Offered knowledge of Sandblast by Vehumet.
  2778 | D:3      | Reached XP level 6. HP: 47/49 MP: 7/11
  3700 | D:4      | Reached skill level 5 in Fire Magic
  3716 | D:4      | Reached XP level 7. HP: 44/55 MP: 11/13
  3745 | D:4      | Noticed Sigmund
  3753 | D:4      | Noticed Ijyb
  3764 | D:4      | Killed Ijyb
  3918 | D:4      | Killed Sigmund
  3970 | D:4      | Reached ** piety under Vehumet
  4112 | D:4      | Found a stormy altar of Qazlal.
  4217 | D:4      | Learned a level 5 spell: Fireball
  4374 | D:5      | Entered Level 5 of the Dungeon
  4374 | D:5      | Noticed Eustachio
  4374 | D:5      | Noticed Menkaure
  4377 | D:5      | Killed Menkaure
  4377 | D:5      | Offered knowledge of Shock by Vehumet.
  4377 | D:5      | Reached skill level 5 in Spellcasting
  4377 | D:5      | Reached skill level 5 in Conjurations
  4377 | D:5      | Reached XP level 8. HP: 33/62 MP: 13/15
  4389 | D:5      | Killed Eustachio
  4480 | D:5      | Found a staircase to the Ecumenical Temple.
  4489 | D:5      | Found a transporter.
  4489 | D:5      | Found a transporter.
  4490 | D:5      | Noticed Psyclone's ghost (novice OpCj)
  4558 | D:5      | Found a basalt altar of Yredelemnul.
  4725 | D:5      | Found a sand-covered staircase.
  4765 | Ossuary  | Entered an ossuary
  4868 | Ossuary  | Offered knowledge of Throw Frost by Vehumet.
  5619 | D:6      | Reached XP level 9. HP: 46/68 MP: 4/18
  5750 | D:6      | Reached *** piety under Vehumet
  6114 | D:7      | Offered knowledge of Iskenderun's Mystic Blast by Vehumet.
  6135 | D:7      | Learned a level 4 spell: Iskenderun's Mystic Blast
  6911 | D:7      | Noticed Prince Ribbit
  6919 | D:7      | Killed Prince Ribbit
  7017 | D:7      | Reached **** piety under Vehumet
  7043 | D:7      | Found a runed door.
  7092 | D:7      | Noticed Crazy Yiuf
  7097 | D:7      | Killed Crazy Yiuf
  7294 | D:7      | Reached XP level 10. HP: 70/75 MP: 11/21
  7297 | D:7      | Offered knowledge of Venom Bolt by Vehumet.
  7349 | D:7      | Noticed Harold
  7367 | D:7      | Killed Harold
  7853 | D:8      | Found a staircase to the Lair.
  8015 | D:8      | Noticed a gargoyle
  8017 | D:8      | Noticed a gargoyle
  8018 | D:8      | Killed a gargoyle
  8018 | D:8      | Noticed a gargoyle
  8019 | D:8      | Noticed a gargoyle
  8030 | D:8      | Killed a gargoyle
  8030 | D:8      | Reached skill level 10 in Fire Magic
  8030 | D:8      | Reached XP level 11. HP: 10/81 MP: 0/24
  8871 | D:9      | Reached ***** piety under Vehumet
  8893 | D:9      | Offered knowledge of Freezing Cloud by Vehumet.
  8973 | D:9      | Learned a level 6 spell: Freezing Cloud
  9014 | D:9      | Found an ornate altar of the Wu Jian Council.
  9090 | D:9      | Found Dayhiph's Assorted Antiques.
  9099 | D:9      | Bought a dazzling ring mail for 270 gold pieces
  9099 | D:9      | Bought a scroll labeled PEGUIBODW FILO for 30 gold pieces
  9099 | D:9      | Bought a scroll labeled PEGUIBODW FILO for 30 gold pieces
  9099 | D:9      | Bought a scroll labeled BUIFUEPREN for 30 gold pieces
  9343 | D:9      | Noticed a +0 hand axe
  9344 | D:9      | Found a hide-covered altar of Uskayaw.
  9344 | D:9      | Noticed a +0 dagger
  9370 | D:9      | Noticed a two-headed ogre
  9375 | D:9      | Killed a two-headed ogre
  9375 | D:9      | Reached skill level 10 in Conjurations
  9631 | D:9      | Noticed a centaur warrior
  9634 | D:9      | Killed a centaur warrior
  9719 | D:9      | Identified the +3 ring mail of Ashenzari's Approval {rPois
                  | Regen+ rCorr Dex-5} (You bought it in a shop on level 9 of
                  | the Dungeon)
  9833 | D:10     | Entered Level 10 of the Dungeon
 10112 | D:10     | Found a staircase to the Orcish Mines.
 10167 | D:10     | Found a shimmering altar of Xom.
 10323 | D:10     | Found Kaetz's Book Boutique.
 10666 | D:11     | Reached skill level 10 in Spellcasting
 10718 | D:11     | Noticed a six-headed hydra
 10723 | D:11     | Killed a six-headed hydra
 10767 | D:11     | Got a brightly glowing chain mail
 10852 | D:11     | Found Senla's Armour Shop.
 10954 | D:11     | Noticed a six-headed hydra
 10959 | D:11     | Killed a six-headed hydra
 10959 | D:11     | Reached XP level 12. HP: 27/88 MP: 12/26
 11230 | D:11     | Noticed a two-headed ogre
 11235 | D:11     | Killed a two-headed ogre
 11370 | D:11     | Noticed a six-headed hydra
 11376 | D:11     | Killed a six-headed hydra
 11590 | D:12     | Identified the cursed +1 chain mail "Bedymnam" {rElec
                  | rCorr} (You found it on level 11 of the Dungeon)
 12261 | D:13     | Noticed a centaur warrior
 12264 | D:13     | Killed a centaur warrior
 12272 | D:13     | Noticed a two-headed ogre
 12278 | D:13     | Noticed a vault guard
 12280 | D:13     | Killed a two-headed ogre
 12341 | D:13     | Noticed a vault guard
 12343 | D:13     | Noticed a vault guard
 12345 | D:13     | Noticed a vault guard
 12347 | D:13     | Killed a vault guard
 12354 | D:13     | Killed a vault guard
 12400 | D:13     | Killed a vault guard
 12504 | D:13     | Noticed a vault guard
 12506 | D:13     | Noticed a vault guard
 12511 | D:13     | Killed a vault guard
 12523 | D:13     | Noticed a vault guard
 12548 | D:12     | Killed a vault guard
 12548 | D:12     | Gained mutation: You can use your snake-like lower body to
                  | constrict enemies. [Naga growth]
 12548 | D:12     | Reached XP level 13. HP: 25/94 MP: 4/28
 12588 | D:13     | Noticed a vault guard
 12607 | D:13     | Killed a vault guard
 12610 | D:13     | Found a gate to the Vaults.
 12643 | D:13     | Shot with an arrow by a centaur warrior

Vault maps used:
D:1:      minmay_arrival_wavy_path, minmay_misc_feat_chi
D:2:      nicolae_overflow_quartered_altars, first_ration
D:3:      portal_sewer_entry_f
D:4:      kennysheep_the_goblin_king, grunt_qazlal_clouds, uniq_sigmund,
          uniq_ijyb
D:5:      yredelemnul_altar_generic, minmay_temple_entry_waves,
          gammafunk_ghost_smash, nicolae_ossuary_entry_plus, patterned_corridor,
          uniq_eustachio, uniq_menkaure
D:6:      serial_glass, glass_columns_b, glass_columns_a, glass_columns_a,
          serial_bayou_pond_a
D:7:      grunt_livestock, serial_bayou_lagoon_a, uniq_prince_ribbit1,
          uniq_crazy_yiuf_cottage, uniq_harold
D:8:      cheibrodos_statue_roulette, erik_lair_orcish_takeover,
          minmay_manual_moon
D:9:      dancing_weapons_uskayaw, kennysheep_little_box, serial_shops,
          nicolae_shop_crystal, serial_column_ruins, column_ruins_hut,
          column_ruins_hut, column_ruins_open_small,
          column_ruins_corridor_dead_end, column_ruins_columns_water,
          column_ruins_open_tiny, column_ruins_columns_straight,
          column_ruins_columns_straight, minmay_three_doors
D:10:     erik_orc_3, basic_altar, serial_shops,
          nicolae_shop_competitors_out_of_business
D:11:     serial_shops, shop_fountains, hangedman_corner_corridor
D:13:     erik_vaults_2, lab_entry_generic, serial_shops, kennysheep_mini_moat
Sewer:    sewer_co_cracked_pipes
Ossuary:  ossuary_tomb_3

Skill      XL: |  1  2  3  4  5  6  7  8  9 10 11 12 |
---------------+-------------------------------------+-----
Conjurations   | 2 3 4 5 6 8 9 10 12 | 12.3
Spellcasting   | 3 4 5 6 7 9 10 11 | 11.5
Fire Magic     | 4 5 7 8 10 11 12 | 12.6
Dodging        | |  1.5
Stealth        | |  3.0

Action                   |  1- 3 |  4- 6 |  7- 9 | 10-12 | 13-15 || total
-------------------------+-------+-------+-------+-------+-------++-------
Melee: Unarmed           |    10 |     7 |       |       |       ||    17
       Short sword       |       |     9 |    14 |     1 |       ||    24
       War axe           |       |       |       |    14 |       ||    14
       Falchion          |       |       |       |    23 |       ||    23
 Cast: Flame Tongue      |    36 |   124 |   214 |   159 |       ||   533
       Sticky Flame      |       |     1 |    29 |    66 |     3 ||    99
       Conjure Flame     |       |     1 |       |     9 |     1 ||    11
       Fireball          |       |       |     5 |    96 |     5 ||   106
       Iskenderun's Myst |       |       |     1 |     1 |       ||     2
 Abil: Spit Poison       |    19 |    18 |    14 |     8 |       ||    59
Evoke: Wand              |       |       |       |    10 |       ||    10
  Use: Scroll            |       |       |    10 |     3 |       ||    13
       Potion            |       |       |       |     5 |     1 ||     6
  Eat: Chunk             |     1 |     9 |    13 |    35 |     2 ||    60
       Ration            |       |       |     1 |     1 |       ||     2
Armor: Robe              |     2 |    27 |    24 |    15 |       ||    68
       Ring mail         |       |       |       |    38 |     2 ||    40
Dodge: Dodged            |    19 |    49 |    66 |    91 |     9 ||   234
       Rpst.: Falchion   |       |       |       |     5 |     1 ||     6

Table legend:
 A = Non-vault XP
 B = Vault XP
 C = Vault XP percentage of total XP
 D = Non-vault monster count
 E = Vault monster count
 F = Vault count percentage of total count
                 A         B        C        D         E       F
            +---------+---------+-------+---------+---------+-------
      Total |   17380 |   15995 |  47.9 |     247 |     110 |  30.8
            +---------+---------+-------+---------+---------+-------
        D:1 |      24 |       0 |   0.0 |      12 |       0 |   0.0
        D:2 |     101 |       2 |   1.9 |      28 |       1 |   3.4
        D:3 |     185 |      12 |   6.1 |      19 |       5 |  20.8
        D:4 |     395 |     268 |  40.4 |      10 |       8 |  44.4
        D:5 |     757 |     277 |  26.8 |      18 |       2 |  10.0
        D:6 |     825 |       0 |   0.0 |      21 |       0 |   0.0
        D:7 |    1206 |    2297 |  65.6 |      26 |       8 |  23.5
        D:8 |    1192 |    2496 |  67.7 |      30 |      16 |  34.8
        D:9 |    1623 |    1261 |  43.7 |      12 |       3 |  20.0
       D:10 |    2033 |     429 |  17.4 |      16 |      13 |  44.8
       D:11 |    3110 |    2690 |  46.4 |      27 |       8 |  22.9
       D:12 |    2564 |    1007 |  28.2 |      15 |       1 |   6.2
       D:13 |    3365 |    4949 |  59.5 |      13 |       5 |  27.8
      Sewer |       0 |     150 | 100.0 |       0 |      24 | 100.0
    Ossuary |       0 |     157 | 100.0 |       0 |      16 | 100.0
            +---------+---------+-------+---------+---------+-------
